 Dungeon Crawl Stone Soup version 0.29-a0-1008-g949cc1d0fb (webtiles) character file.

Game seed: 4856714680649666793

83552 2tc the Warrior (level 15, -4/174 HPs)
             Began as a Demonspawn Monk on Aug 7, 2022.
             Was the Champion of Hepliaklqana.
             Slain by Mlioglotl (12 damage)
             ... on level 4 of the Swamp.
             The game lasted 01:36:03 (27999 turns).

2tc the Warrior (Demonspawn Monk)                  Turns: 27999, Time: 01:36:03

Health: -4/174     AC: 16    Str: 16    XL:     15   Next: 32%
Magic:  22/22      EV: 17    Int: 14    God:    Hepliaklqana [******]
Gold:   2118       SH:  0    Dex: 16    Spells: 10/18 levels left

rFire   . . .      SeeInvis .   j - +5 whip (elec)
rCold   . . .      Faith    .   (no shield)
rNeg    . . .      Spirit   .   D - +1 steam dragon scales
rPois   +          Reflect  .   N - +0 helmet
rElec   .          Harm     .   f - +2 cloak {rCorr}
rCorr   +          Rampage  .   (no gloves)
Will    ++...                   (no boots)
Stlth   ..........              m - amulet of the acrobat
HPRegen 0.39/turn               M - ring of poison resistance
MPRegen 0.18/turn               y - ring of flight

@: berserking, silenced, flying, very quick
A: reduced essence, thin metallic scales 2, foul stench 2, spiny 2, demonic
willpower, demonic touch 2
a: Renounce Religion


You were on level 4 of the Swamp.
You worshipped Hepliaklqana.
Hepliaklqana was exalted by your worship.
You visited 5 branches of the dungeon, and saw 23 of its levels.
You also visited: Sewer.

You collected 2338 gold pieces.
You spent 220 gold pieces at shops.

Inventory:

Hand Weapons
 a - a +0 mace
 d - a +0 club
 j - a +5 whip of electrocution (weapon)
 w - a +0 whip of freezing
Missiles
 e - 10 boomerangs (quivered)
 k - 3 throwing nets
 o - 29 poisoned darts
Armour
 f - a +2 cloak of preservation (worn)
 v - a +2 robe of fire resistance
 B - a +3 scale mail of positive energy
 D - +1 steam dragon scales (worn)
 N - a +0 helmet (worn)
Jewellery
 m - an amulet of the acrobat (around neck)
 p - a +4 ring of evasion
 u - an amulet of faith
 x - a ring of wizardry
 y - a ring of flight (right hand)
 K - a ring of ice
 M - a ring of poison resistance (left hand)
 P - an amulet of regeneration
 R - a +4 ring of evasion
Wands
 C - a wand of polymorph (7)
 T - a wand of roots (3)
 V - a wand of flame (19)
Scrolls
 s - 2 scrolls of magic mapping
 E - a scroll of brand weapon
 G - a scroll of fog
 J - 6 scrolls of teleportation
 L - 3 scrolls of blinking
 O - 3 scrolls of fear
 Q - 2 scrolls of enchant weapon
 S - 5 scrolls of identify
 W - a scroll of enchant armour
Potions
 c - 9 potions of degeneration
 g - 2 potions of berserk rage
 h - 13 potions of curing
 l - 8 potions of attraction
 n - 5 potions of mutation
 q - 4 potions of flight
 r - 3 potions of might
 z - 3 potions of magic
 A - 3 potions of cancellation
 F - a potion of ambrosia
 H - a potion of lignification
 I - a potion of brilliance {unknown}
 U - 3 potions of haste {unknown}
Miscellaneous
 b - a condenser vane


   Skills:
 - Level 15.0 Fighting
 - Level 12.0 Maces & Flails
 - Level 10.0 Armour
 - Level 10.0 Dodging
 - Level 1.7 Stealth
 - Level 2.0 Spellcasting
 * Level 9.2 Hexes
 - Level 10.5 Invocations
 - Level 6.1 Evocations


You had 10 spell levels left.
You knew the following spells:

 Your Spells              Type           Power      Damage    Failure   Level
a - Tukima's Dance        Hex            27%        N/A       1%          3
b - Yara's Violent Unrav  Hex/Tmut       7%         3d5       69%         5

Your spell library contained the following spells:

 Spells                   Type           Power      Damage    Failure   Level
 Slow                     Hex            100%       N/A       1%          1
 Confusing Touch          Hex            27%        N/A       1%          3
 Ensorcelled Hibernation  Hex/Ice        28%        N/A       5%          2
 Blink                    Tloc           2%         N/A       34%         2
 Passwall                 Tmut/Erth      0%         N/A       34%         2
 Lesser Beckoning         Tloc           1%         N/A       56%         3
 Swiftness                Air            1%         N/A       56%         3
 Vampiric Draining        Necr           1%         2d6       56%         3
 Summon Mana Viper        Hex/Summ       14%        N/A       69%         5
 Passage of Golubria      Tloc           1%         N/A       93%         4
 Manifold Assault         Tloc           1%         N/A       100%        5
 Summon Forest            Summ/Tloc      0%         N/A       100%        5
 Summon Cactus Giant      Summ           0%         N/A       100%        6


Dungeon Overview and Level Annotations

Branches:
Dungeon (11/15)            Temple (1/1) D:6            Lair (5/5) D:10
  Swamp (4/4) Lair:2       Spider (0/4) Lair:2        Slime (0/5) Lair:5
    Orc (2/2) D:11            Elf (0/3) Orc:2         Sewer (visited)

Altars:
Ashenzari
Cheibriados
Dithmenos
Fedhas
Gozag
Hepliaklqana
Kikubaaqudgha
Makhleb
Nemelex Xobeh
Okawaru
Qazlal
Ru
Sif Muna
Trog
Uskayaw
Vehumet
Wu Jian
Xom
Yredelemnul
Jiyva

Shops:
Orc:2 ([==

Portals:
Hell: Lair:5
Trove: D:11 (give 5 potions of resistance)

Annotations:
Lair:2 1 runed translucent door, Asher535's ghost, journeyman HOFi
Swamp:4 Mlioglotl


Innate Abilities, Weirdness & Mutations

Your life essence is reduced to manifest your ancestor. (-10% HP)
You are mostly covered in thin metallic scales. (AC +3)
You sometimes emit foul miasma when damaged in melee.
You are mostly covered in sharp spines.
You punish those that try to bend your will. (Will+)
Your touch may inflict irresistible damage on your foes.


Message History

Mlioglotl resists with almost no effort.
You barely miss Mlioglotl.
Mlioglotl is lightly wounded.
Mlioglotl is struck by your spines. Mlioglotl closely misses you.
Mlioglotl completely misses you.
You hit Mlioglotl but do no damage.
You touch Mlioglotl!
Mlioglotl is moderately wounded.
The vampire is struck by your spines. The vampire barely misses you. x2
Shunnareh hits Mlioglotl but does no damage.
You whack Mlioglotl!
Mlioglotl is moderately wounded.
Mlioglotl hits you but does no damage. Mlioglotl closely misses you.
Shunnareh barely misses Mlioglotl.
You hit Mlioglotl.
Mlioglotl is moderately wounded.
Mlioglotl barely misses you. Mlioglotl tramples you!!
* * * LOW HITPOINT WARNING * * *
You are shoved backwards!
You hit Mlioglotl.
Mlioglotl is moderately wounded.
Mlioglotl is struck by your spines. Mlioglotl completely misses you.
Mlioglotl tramples you!
* * * LOW HITPOINT WARNING * * *
You hold your ground!
Magic scrolls do not work when you're silenced!
A red film seems to cover your vision as you go berserk!
You feel yourself moving faster!
You feel mighty!
The vampire hits you but does no damage.
The vampire barely misses you.
Shunnareh hits Mlioglotl with a +0 dagger of draining.
Mlioglotl churns violently!
Mlioglotl corrupts the dungeon around him!
Shunnareh hits Mlioglotl with a +0 dagger of draining.
You barely miss Mlioglotl.
Mlioglotl is moderately wounded.
The vampire is struck by your spines. The vampire closely misses you. x2
You barely miss Mlioglotl.
Mlioglotl is moderately wounded.
Mlioglotl is struck by your spines. Mlioglotl hits you!
You die...

*♣♣~♣♣♣♣..~~♣*♣♣♣.~~~~~.♣.
*~.~~♣~.#~~.♣*♣~.~~~~.~♣*~
**~~~...~(~~♣♣~.~~~~~.♣♣♣♣
**♣♣.~~$..~....~~~~~...~~
♣♣.§~~~~~~!.#~~~~...~...
♣♣..~~~~~~~...#.....~....
♣~~~.3..R~~~~~.~~§~~~..<♣
♣.~....VX~~~~.~~~~†~~~~†♣
♣♣♣♣..♣.@~~~~♣♣~.~~~~~~.~
♣♣♣..~♣~♣♣~h..~~~~~~~~~~~
♣♣~~..~..~♣~~~~~~~~~~~~~~~
♣♣...~~~~#♣♣♣♣~~~~.[~~~~~~.
♣....~~~~♣♣ *♣♣~♣♣♣♣~...<~
♣~~...~~~♣ *♣♣ ♣♣♣♣~.♣
♣~~~~#...♣♣♣♣ *** ♣♣.~♣
♣.§~~.~~~~~~♣ ♣~♣♣♣..♣♣
♣♣.~~~~..~~~♣♣♣♣♣♣♣~~~~...♣


You could see the friendly Shunnareh the hexer, Mlioglotl (strong, ally target),
a ynoxinul (summoned), a vampire (summoned) and a hell hound (summoned).

Vanquished Creatures
  2 bunyips
  An eleionoma (Swamp:3)
  A shambling mangrove (Swamp:4)
  Fannar (Lair:2)
  Harold (D:9)
  A boulder beetle (Lair:5)
  A vault guard (D:11)
  10 hydras
  A ghost crab (Swamp:2)
  4 two-headed ogres
  An anaconda (Swamp:2)
  4 alligators
  2 death yaks (Lair:5)
  4 orc high priests
  Sonja (Lair:2)
  A sixfirhy (Lair:5)
  A swamp dragon (Swamp:4)
  2 goliath frogs (Swamp:1)
  3 spriggan druids
  A bog body (Swamp:3)
  A wizard (Lair:5)
  A necromancer (Lair:3)
  5 orc knights
  2 lindwurms
  A cyclops (D:11)
  3 orc sorcerers (Orc:2)
  2 will-o-the-wisps
  Joseph (D:8)
  7 elephants
  11 black mambas
  An orange demon (Lair:5)
  12 cane toads
  A freezing wraith (D:10)
  2 unseen horrors (D:10)
  10 komodo dragons
  Psyche (D:9)
  3 ice devils (Lair:5)
  4 rime drakes
  A troll (D:10)
  A red devil (Lair:5)
  3 polar bears (Lair:5)
  6 tyrant leeches
  6 blink frogs
  3 hornets
  4 dream sheep (Lair:4)
  3 slime creatures (Lair:5)
  8 spriggans
  36 yaks
  A shadow (D:8)
  A wraith (D:10)
  A wyvern (Lair:1)
  2 steam dragons
  4 vampire mosquitoes
  13 swamp worms
  4 wargs
  11 water moccasins
  4 hell hounds (Lair:5)
  A sky beast (D:7)
  18 orc warriors
  A swamp drake (Swamp:1)
  2 elephant zombies (Lair:3)
  A black bear (D:5)
  5 ice beasts
  10 wolves (Lair:1)
  4 ogres
  2 centaurs
  A lemure (D:9)
  A phantom (D:5)
  3 kobold brigands
  5 bullfrogs
  A wight (D:9)
  4 scorpions
  20 killer bees
  2 howler monkeys (D:8)
  7 electric eels
  A basilisk zombie (Lair:3)
  A hound (D:4)
  3 gnoll boudas
  27 orc priests
  4 jellies
  Ijyb (D:4)
  Crazy Yiuf (D:3)
  A hexer (D:10)
  25 orc wizards
  3 iguanas
  12 hell rats
  Robin (D:3)
  10 gnolls
  6 adders
  5 river rats (D:5)
  3 white imps
  5 worms
  3 dart slugs
  76 orcs
  11 ball pythons
  8 bats
  6 endoplasms
  6 giant cockroaches
  11 goblins
  10 hobgoblins
  23 kobolds
  8 quokkas
  4 frilled lizards
  9 rats
  3 bushes (D:7)
598 creatures vanquished.

Vanquished Creatures (collateral kills)
  A bunyip (Swamp:1)
  2 hydras
  An alligator (Swamp:2)
  A catoblepas (Lair:3)
  A death yak (Lair:5)
  A spriggan druid (Swamp:3)
  A swamp dragon (Swamp:1)
  A will-o-the-wisp (Swamp:2)
  Maurice (Orc:1)
  2 elephants
  A black mamba (Lair:5)
  A smoke demon (Lair:5)
  A rime drake (Lair:5)
  An unseen horror (D:10)
  A wandering mushroom (Lair:5)
  A tyrant leech (Swamp:1)
  A polar bear (Lair:4)
  A hornet (Swamp:2)
  A bloated husk (Swamp:1)
  3 blink frogs (Lair:3)
  7 yaks
  A basilisk (Lair:2)
  Eustachio (D:4)
  3 vampire mosquitoes
  2 water moccasins
  2 swamp worms (Swamp:4)
  Pargi (Sewer)
  6 orc warriors
  2 wolves (Lair:1)
  A lemure (D:9)
  2 bullfrogs
  Blork the orc (D:6)
  A killer bee (D:10)
  A howler monkey (D:8)
  A hound (D:4)
  4 orc priests
  2 jellies
  8 orc wizards
  4 gnolls
  An adder (D:4)
  A white imp (D:7)
  A worm (D:2)
  9 orcs
  An endoplasm (D:3)
  A quokka (D:3)
  A bush (D:7)
89 creatures vanquished.

Vanquished Creatures (others)
  4 bloated husks (Swamp:1)
  An orc priest (D:10)
  An orc wizard (Orc:2)
  16 hexers
  A bush (D:9)
  5 foxfires
  15 fungi
  23 plants
  2 withered plants (Lair:2)
68 creatures vanquished.

Grand Total: 755 creatures vanquished

Notes
Turn   | Place    | Note
-------+----------+-------------------------------------------
     0 | D:1      | 2tc the Demonspawn Monk began the quest for the Orb.
     0 | D:1      | Reached XP level 1. HP: 18/18 MP: 1/1
   116 | D:1      | Gained mutation: You are partially covered in sharp spines.
                  | [demonic ancestry]
   116 | D:1      | Reached XP level 2. HP: 18/24 MP: 2/2
   655 | D:1      | Gained mutation: You are partially covered in thin metallic
                  | scales. (AC +2) [demonic ancestry]
   655 | D:1      | Reached XP level 3. HP: 29/29 MP: 3/3
   757 | D:1      | Noticed a shining eye
   759 | D:1      | Found a faded altar of an unknown god.
   792 | D:1      | Noticed a shining eye
   792 | D:1      | Noticed a shining eye
   792 | D:1      | Noticed a great orb of eyes
   891 | D:1      | Prayed at the altar of an unknown god.
   891 | D:1      | Became a worshipper of Hepliaklqana the Forgotten
   891 | D:1      | Reached * piety under Hepliaklqana
   891 | D:1      | Reached ** piety under Hepliaklqana
   892 | D:1      | Remembered your ancestor Shunnareh as a hexer
  1343 | D:2      | Reached *** piety under Hepliaklqana
  1375 | D:2      | Reached XP level 4. HP: 10/31 MP: 4/4
  2599 | D:3      | Noticed Robin
  2610 | D:3      | Reached skill level 5 in Maces & Flails
  2614 | D:3      | Killed Robin
  3164 | D:3      | Reached XP level 5. HP: 36/36 MP: 5/5
  3532 | D:3      | Found a runed translucent door.
  3533 | D:3      | Noticed Crazy Yiuf
  3542 | D:3      | Killed Crazy Yiuf
  3833 | D:4      | Gained mutation: You are mostly covered in sharp spines.
                  | [demonic ancestry]
  3833 | D:4      | Reached XP level 6. HP: 42/42 MP: 6/6
  4018 | D:4      | Noticed Ijyb
  4026 | D:4      | Noticed Eustachio
  4028 | D:4      | Killed Ijyb
  4047 | D:4      | Killed Eustachio
  4048 | D:4      | Gained mutation: You may rarely emit foul miasma when
                  | damaged in melee. [demonic ancestry]
  4048 | D:4      | Reached XP level 7. HP: 6/46 MP: 7/7
  4295 | D:5      | Entered Level 5 of the Dungeon
  4371 | D:5      | Found a glowing drain.
  4376 | Sewer    | Entered a sewer
  4376 | Sewer    | Reached **** piety under Hepliaklqana
  4458 | Sewer    | Noticed Pargi
  4463 | Sewer    | Killed Pargi
  4745 | D:5      | Noticed a steam dragon
  4758 | D:5      | Killed a steam dragon
  5087 | D:5      | Gained mutation: You sometimes emit foul miasma when
                  | damaged in melee. [demonic ancestry]
  5087 | D:5      | Reached XP level 8. HP: 52/52 MP: 8/8
  5624 | D:5      | Found an ancient bone altar of Kikubaaqudgha.
  5912 | D:6      | Reached skill level 10 in Maces & Flails
  5914 | D:6      | Found a staircase to the Ecumenical Temple.
  5930 | Temple   | Entered the Ecumenical Temple
  6293 | D:6      | Noticed Blork the orc
  6301 | D:6      | Killed Blork the orc
  7250 | D:7      | Gained mutation: Your touch may inflict minor irresistible
                  | damage on your foes. [demonic ancestry]
  7250 | D:7      | Reached XP level 9. HP: 14/56 MP: 9/9
  8285 | D:8      | Reached ***** piety under Hepliaklqana
  8338 | D:8      | Reached skill level 5 in Invocations
  8665 | D:8      | Noticed Joseph
  8687 | D:8      | Killed Joseph
  8719 | D:8      | Reached XP level 10. HP: 45/63 MP: 16/16
  9099 | D:9      | Noticed Harold
  9111 | D:9      | Killed Harold
  9112 | D:9      | Reached skill level 10 in Invocations
  9395 | D:9      | Found a sacrificial altar of Ru.
  9429 | D:9      | Reached skill level 1 in Armour
  9474 | D:9      | Found a hazy altar of Hepliaklqana.
  9475 | D:9      | Found a blossoming altar of Fedhas.
  9476 | D:9      | Found an opulent altar of Gozag.
  9537 | D:9      | Noticed Psyche
  9547 | D:9      | Killed Psyche
  9931 | D:9      | Noticed Pikel
  9933 | D:9      | Noticed Pikel
  9933 | D:9      | Pikel changed into Pikel the warg
  9938 | D:9      | Killed Pikel the warg
 10090 | D:9      | Found a shimmering altar of Xom.
 10092 | D:9      | Found an iron altar of Okawaru.
 10092 | D:9      | Found a shimmering blue altar of Sif Muna.
 10092 | D:9      | Found a radiant altar of Vehumet.
 10095 | D:9      | Found a basalt altar of Yredelemnul.
 10096 | D:9      | Found a hide-covered altar of Uskayaw.
 10196 | D:10     | Entered Level 10 of the Dungeon
 10235 | D:10     | Reached skill level 5 in Armour
 10697 | D:10     | Found a staircase to the Lair.
 10799 | Lair:1   | Entered Level 1 of the Lair of Beasts
 11153 | Lair:1   | Noticed a black mamba
 11154 | Lair:1   | Noticed a black mamba
 11163 | Lair:1   | Killed a black mamba
 11180 | Lair:1   | Killed a black mamba
 11204 | Lair:1   | Reached XP level 11. HP: 66/67 MP: 18/18
 11210 | Lair:1   | Reached skill level 5 in Dodging
 11618 | Lair:1   | Reached skill level 4 in Fighting
 12113 | Lair:1   | Reached skill level 5 in Fighting
 12132 | Lair:1   | Reached skill level 6 in Fighting
 12504 | Lair:2   | Noticed Fannar
 12504 | Lair:2   | Found a hole to the Spider Nest.
 12919 | Lair:2   | Reached skill level 7 in Fighting
 13003 | Lair:2   | Found a runed translucent door.
 13003 | Lair:2   | Noticed Asher535's ghost (journeyman HOFi)
 13223 | Lair:2   | Noticed Sonja
 13506 | Lair:2   | Reached skill level 8 in Fighting
 13880 | Lair:2   | Found a staircase to the Swamp.
 13880 | Lair:2   | Reached ****** piety under Hepliaklqana
 13947 | Lair:3   | Noticed a five-headed hydra
 13955 | Lair:3   | Reached skill level 9 in Fighting
 13961 | Lair:3   | Killed a five-headed hydra
 13999 | Lair:3   | Noticed a four-headed hydra
 14011 | Lair:3   | Killed a four-headed hydra
 14012 | Lair:3   | Reached skill level 10 in Fighting
 14012 | Lair:3   | Gained mutation: Your touch may inflict irresistible damage
                  | on your foes. [demonic ancestry]
 14012 | Lair:3   | Reached XP level 12. HP: 87/87 MP: 19/19
 14178 | Lair:3   | Noticed a catoblepas
 14187 | Lair:3   | Killed a catoblepas
 15823 | Lair:4   | Reached skill level 10 in Armour
 16812 | Lair:2   | Killed Sonja
 16878 | Lair:2   | Killed Fannar
 17004 | D:10     | Noticed a two-headed ogre
 17037 | D:10     | Killed a two-headed ogre
 17038 | D:10     | Gained mutation: You punish those that try to bend your
                  | will. (Will+) [demonic ancestry]
 17038 | D:10     | Reached XP level 13. HP: 83/92 MP: 20/20
 18535 | D:11     | Found a staircase to the Orcish Mines.
 18680 | D:11     | Reached skill level 10 in Dodging
 18681 | D:11     | Found a portal to a secret trove of treasure.
 18844 | Lair:5   | Entered Level 5 of the Lair of Beasts
 19158 | Lair:5   | Reached skill level 11 in Fighting
 19383 | Lair:5   | Found a viscous altar of Jiyva.
 19383 | Lair:5   | Found a staircase to the Slime Pits.
 19591 | Lair:5   | Reached skill level 12 in Fighting
 20058 | Lair:5   | Reached skill level 13 in Fighting
 20162 | Lair:5   | Reached XP level 14. HP: 76/106 MP: 21/21
 20403 | Lair:5   | Reached skill level 1 in Evocations
 21073 | Orc:1    | Entered Level 1 of the Orcish Mines
 21451 | Orc:1    | Reached skill level 5 in Evocations
 21530 | Orc:1    | Noticed Maurice
 21541 | Orc:1    | Killed Maurice
 21694 | Orc:1    | Found a dark tunnel.
 21733 | Orc:1    | Found a bloodstained altar of Trog.
 21938 | Orc:2    | Entered Level 2 of the Orcish Mines
 22360 | Orc:2    | Reached skill level 1 in Spellcasting
 22443 | Orc:2    | Reached skill level 1 in Hexes
 23161 | Orc:2    | Found Foishropn's Jewellery Boutique.
 23161 | Orc:2    | Found Saha's Jewellery Shoppe.
 23163 | Orc:2    | Found Egoaf's Armour Boutique.
 23163 | Orc:2    | Found Ocsok's Antique Weapon Shoppe.
 23182 | Orc:2    | Bought a ring of poison resistance for 220 gold pieces
 23388 | Orc:2    | Found a staircase to the Elven Halls.
 23942 | Lair:5   | Found a burning altar of Makhleb.
 23949 | Lair:5   | Reached skill level 5 in Hexes
 24291 | Lair:5   | Found a gateway to Hell.
 24534 | Swamp:1  | Entered Level 1 of the Swamp
 24573 | Swamp:1  | Reached skill level 14 in Fighting
 25968 | Swamp:2  | Reached skill level 15 in Fighting
 26082 | Swamp:2  | Learned a level 3 spell: Tukima's Dance
 26088 | Swamp:2  | Learned a level 5 spell: Yara's Violent Unravelling
 26326 | Swamp:2  | Gained mutation: You are mostly covered in thin metallic
                  | scales. (AC +3) [demonic ancestry]
 26326 | Swamp:2  | Reached XP level 15. HP: 96/116 MP: 22/22
 27464 | Swamp:4  | Entered Level 4 of the Swamp
 27978 | Swamp:4  | Noticed Mlioglotl
 27996 | Swamp:4  | HP: 5/116 [Mlioglotl (17)]
 27999 | Swamp:4  | Slain by Mlioglotl

Illustrated notes

Levels and vault maps discovered:
D:1:      amcnicky_arrival_blooded_trapdoor, layout_loops_ring, serial_glass,
          glass_columns_a, glass_columns_c, glass_columns_b, glass_columns_b,
          glass_columns_b, glass_columns_a, glass_columns_a, glass_columns_a,
          minmay_strange_pillars, minmay_strange_pillars, feat_on_display,
          item_on_display_b, hellmonk_ecumenical_altar_watching_god,
          minmay_vboxes
D:2:      layout_basic
D:3:      layout_loops_corners, kennysheep_generic_room_5,
          uniq_crazy_yiuf_cottage, uniq_robin
D:4:      layout_rooms, uniq_ijyb, uniq_eustachio
D:5:      layout_loops_ring, mainiacjoe_overflow_alcove_2,
          lightli_sewer_entry_pipes
D:6:      layout_loops_cross, minmay_temple_entry_sparse_star,
          kennysheep_decorative_pillar, uniq_blork_the_orc
D:7:      layout_basic, minmay_hedge_maze, kb_lookout_dungeons_type,
          minmay_misc_feat_x, minmay_fractal_squares_5
D:8:      layout_basic, uniq_joseph
D:9:      layout_rooms, minitemple, gammafunk_temple_overflow_forgotten,
          uniq_psyche, uniq_pikel, uniq_harold
D:10:     kennysheep_ambush_hall, layout_loops_ring, dpeg_oklobed_lair,
          grunt_ministairs_1
D:11:     layout_rooms, erik_orc_2, enter_trove_5
Temple:   compressed_dpeg_triangle_lava_temple
Lair:1:   layout_regular_city, grunt_megastairs_5
Lair:2:   layout_regular_city, minmay_swamp_entry_wisps, dummy_spider_entry,
          gammafunk_ghost_grave, serial_bayou_shore_b, uniq_sonja, uniq_fannar
Lair:3:   pond_and_an_island_with_a_cottage, layout_gridlike
Lair:4:   layout_regular_city, patterned_corridor
Lair:5:   evil_forest, layout_big_grid, minmay_slime_entry_pillars,
          grunt_megastairs_3, infiniplex_staircase_pool
Swamp:1:  layout_falls_marsh, evilmike_swamp_ruin_house_2, swamp_pool4,
          roderic_carrion_pond
Swamp:2:  layout_basic_swamp, serial_swamp_ruin, evilmike_swamp_ruin_house_5,
          evilmike_swamp_ruin_rubble_2, evilmike_swamp_ruin_house_3,
          nicolae_swamp_snake_nest
Swamp:3:  layout_basic_swamp, nicolae_swamp_bean_lake
Swamp:4:  swamp_alternative, layout_basic_swamp, uniq_donald, uniq_mlioglotl
Orc:1:    layout_caves, basic_altar, nicolae_volcano_entry_lava_flow,
          nicolae_orc_tapped_out, uniq_maurice
Orc:2:    grunt_orc_tribal_feast, layout_diamond_mine

Skill      XL: |  1  2  3  4  5  6  7  8  9 10 11 12 13 14 15 |
---------------+----------------------------------------------+-----
Maces & Flails | 3 4 5 6 7 9 11 12 | 12.0
Invocations    | 8 10 | 10.5
Armour         | 6 10 | 10.0
Dodging        | 4 6 8 10 | 10.0
Fighting       | 10 13 15 | 15.0
Evocations     | 6 |  6.1
Spellcasting   | 2 |  2.0
Hexes          | 6 9 |  9.2
Stealth        | |  1.7

Action                   |  1- 3 |  4- 6 |  7- 9 | 10-12 | 13-15 || total
-------------------------+-------+-------+-------+-------+-------++-------
Melee: Club              |    77 |     2 |       |       |       ||    79
       Mace              |     1 |       |       |       |       ||     1
       Whip              |       |   133 |   281 |   485 |   960 ||  1859
       Punch             |       |       |     4 |     6 |    21 ||    31
       Touch             |       |       |    35 |   107 |   226 ||   368
Throw: Boomerang         |    25 |       |     2 |    44 |     6 ||    77
       Dart              |       |       |     1 |     4 |       ||     5
       Throwing net      |       |       |       |       |     2 ||     2
Invok: Ancestor Life: He |     1 |       |       |       |       ||     1
       Ancestor Identity |     1 |       |       |       |       ||     1
       Recall Ancestor   |       |       |       |     1 |     4 ||     5
Evoke: Wand              |       |     1 |     3 |    52 |    21 ||    77
       Condenser vane    |       |       |       |       |     3 ||     3
  Use: Scroll            |     2 |     5 |     7 |    14 |    10 ||    38
       Potion            |       |     1 |     4 |     1 |     3 ||     9
 Stab: Sleeping          |     4 |     1 |     3 |       |     1 ||     9
       Confused          |     1 |     3 |    11 |    11 |    24 ||    50
       Distracted        |       |     4 |       |     5 |    11 ||    20
       Paralysed         |       |       |       |       |     7 ||     7
Armor: Robe              |    17 |     7 |    22 |     3 |       ||    49
       Steam dragon scal |       |       |       |    52 |   152 ||   204
Dodge: Dodged            |    54 |    47 |   117 |   237 |   512 ||   967

Table legend: (Time is in decaauts)
 A = Elapsed time spent in this place.
 B = Non-inter-level travel time spent in this place.
 C = Inter-level travel time spent in this place.
 D = Time resting spent in this place.
 E = Time spent auto-exploring this place.
 F = Levels seen in this place.
 G = Mean time per level.
                   A        B        C        D        E       F      G
               +--------+--------+--------+--------+--------+-----+--------+
         Total |  27229 |  25851 |   1378 |   5744 |  16474 |  24 | 1134.5 |
       Dungeon |  12085 |  11472 |    613 |   1656 |   8131 |  11 | 1098.6 |
        Temple |    298 |    279 |     19 |      0 |    273 |   1 |  298.0 |
          Lair |   9064 |   8478 |    586 |   2827 |   4575 |   5 | 1812.8 |
         Swamp |   3137 |   3080 |     57 |    745 |   1854 |   4 |  784.2 |
  Orcish Mines |   2450 |   2349 |    101 |    516 |   1473 |   2 | 1225.0 |
         Sewer |    193 |    193 |      0 |      0 |    168 |   1 |  193.0 |
               +--------+--------+--------+--------+--------+-----+--------+

Top non-repeatable levels by time:
  Lair:5: 2420 daAuts
  Lair:2: 2226 daAuts
   Orc:2: 1603 daAuts
     D:3: 1588 daAuts
  Lair:4: 1528 daAuts
  Lair:1: 1489 daAuts
  Lair:3: 1400 daAuts
    D:10: 1372 daAuts
     D:1: 1346 daAuts
     D:5: 1294 daAuts
 Swamp:2: 1151 daAuts
    D:11: 1136 daAuts
     D:6: 1083 daAuts
     D:9: 1065 daAuts
     D:7: 1041 daAuts
